 Dungeon Crawl Stone Soup version 0.17-a0-1950-g23d6077 (webtiles) character file.

4806 RobertPalmer the Spear-Bearer (level 10, -3/56 HPs)
             Began as a Tengu Chaos Knight on Sept 18, 2015.
             Slain by a wolf (7 damage)
             ... led by Grum
             ... on level 8 of the Dungeon on Oct 2, 2015.
             The game lasted 00:28:15 (8848 turns).

RobertPalmer the Spear-Bearer (Tengu Chaos Knight)  Turns: 8848, Time: 00:28:16

Health: -3/56      AC:  6    Str: 16    XL:     10   Next: 48%
Magic:  10/11      EV:  6    Int: 14    God:    Xom [.*....]
Gold:   247        SH:  0    Dex: 18    Spells: 2 memorised, 1 level left

rFire  . . .     SeeInvis .     a - +0 glaive
rCold  . . .     Clarity  .     l - +1 ring mail {rPois}
rNeg   + . .     SustAt   .     (no shield)
rPois  +         Gourm    .     (helmet restricted)
rElec  .         Spirit   .     (no cloak)
rCorr  .         Warding  .     (no gloves)
rMut   .         Stasis   .     (boots unavailable)
MR     .....                    o - amulet of rage {+Rage, !d}
Stlth  +.........               r - ring of positive energy {rN+}
                                e - +4 ring of strength

@: drained, not resistant to hostile enchantments, very unstealthy
A: beak, talons 3, agile 1, able to fly 1
a: Fly, Renounce Religion, Evoke Berserk Rage


You were on level 8 of the Dungeon.
You worshipped Xom.
You were a plaything of Xom.
You were hungry.

You visited 1 branch of the dungeon, and saw 8 of its levels.

You collected 331 gold pieces.
You spent 84 gold pieces at shops.

Inventory:

Hand weapons
 a - a +0 glaive (weapon)
   (You bought it in a shop on level 4 of the Dungeon)
 b - a +0 war axe
   (You took it off an orc on level 4 of the Dungeon)
Missiles
 m - 2 throwing nets {=f, !d}
Armour
 l - a +1 ring mail of poison resistance (worn)
   (You found it on level 4 of the Dungeon)
Magical staves
 u - an uncursed staff of fire {unknown}
   (You found it on level 7 of the Dungeon)
Jewellery
 d - an uncursed ring of fire {rF+, rC-}
   (You found it on level 4 of the Dungeon)
 e - a +4 ring of strength (left hand)
   (You found it on level 7 of the Dungeon)
 o - an amulet of rage (around neck) {+Rage, !d}
   (You found it on level 2 of the Dungeon)
 r - a ring of positive energy (right hand) {rN+}
   (You found it on level 5 of the Dungeon)
 v - an uncursed ring of fire {rF+, rC-}
   (You found it on level 5 of the Dungeon)
Magical devices
 g - a wand of enslavement (3)
   (You found it on level 2 of the Dungeon)
Scrolls
 p - 4 scrolls of remove curse
 q - a scroll of teleportation
 x - a scroll of recharging
 y - a scroll of blinking {unknown}
 A - 2 scrolls of identify
Potions
 i - a potion of cancellation
 s - 2 potions of curing
 t - a potion of degeneration {unknown}
 w - 2 potions of flight {unknown}
 z - a potion of brilliance {unknown}
 B - a potion of might {unknown}
 C - a potion of resistance
 G - a potion of agility {unknown}
Books
 n - a book of the Sky
   (You found it on level 2 of the Dungeon)
 D - a book of Geomancy
   (You found it on level 6 of the Dungeon)
 H - a book of Battle
   (You found it on level 7 of the Dungeon)
Comestibles
 c - 4 bread rations {@e1}
 f - a slice of pizza
 j - 8 fruits
 k - 4 meat rations {@e2}
 F - a royal jelly


   Skills:
 - Level 3.0(2.8) Fighting
 + Level 13.4(13.2) Polearms
 - Level 2.1(2.0) Armour
 - Level 1.1(0.9) Dodging
 - Level 9.5(9.3) Summonings
 - Level 10.4(10.1) Air Magic


You had one spell level left.
You knew the following spells:

 Your Spells              Type           Power        Failure   Level  Hunger
a - Summon Lightning Spi  Summ/Air       ####....     12%         4    #####..
b - Airstrike             Air            ####......   10%         4    #####..


Dungeon Overview and Level Annotations

Branches:
Dungeon (8/15)             Temple (0/1) D:5
   Lair: D:8-11

Altars:
Cheibriados
Elyvilon
Makhleb
Nemelex Xobeh
Okawaru
Qazlal
Sif Muna
Trog
Yredelemnul
Zin

Shops:
D:4 (   D:7 *   D:8 :

Annotations:
D:5 1 runed door
D:7 Pikel, Prince Ribbit
D:8 Erolcha, Grum


Innate Abilities, Weirdness & Mutations

You have a beak for a mouth.
You have claws for feet.
You can fly.
You are agile. (Dex +2)


Message History

Unknown command.
There is an open door here.
There is a stone staircase leading down here.
You climb downwards.
You hear the hiss of flowing sand.
There is an entrance to an ossuary on this level.
Hurry and find it before the portal is buried!
You hear the slow hiss of a very distant avalanche of sand.
Level annotation: Erolcha, Grum A giant frog zombie comes into view.
There is a stone staircase leading up here.
You barely miss the giant frog zombie. You claw the giant frog zombie.
The giant frog zombie closely misses you.
The giant frog zombie hits you.
You take 1 damage, and have 55/56 hp.
You slash the giant frog zombie! You peck the giant frog zombie.
The giant frog zombie hits you.
You take 1 damage, and have 54/56 hp.
You hit the giant frog zombie. You claw the giant frog zombie.
The giant frog zombie hits you but does no damage.
You barely miss the giant frog zombie. Your kick misses the giant frog zombie.
You peck the giant frog zombie.
The giant frog zombie hits you but does no damage.
The giant frog zombie hits you.
You take 2 damage, and have 52/56 hp.
You slash the giant frog zombie! You claw the giant frog zombie.
You destroy the giant frog zombie!
You see here a scroll labeled JUAFUYG FOUMERPHOR.
y - a scroll labeled JUAFUYG FOUMERPHOR You see here a meat ration {@e2}.
Autopickup is now on.
k - 4 meat rations {@e2} (gained 1)
Found an iron altar of Okawaru. 2 humans come into view.
The human shouts!
The human hits you with a long sword! The human hits you but does no damage.
You take 9 damage, and have 46/56 hp.
You hit the human but do no damage. Your kick misses the human.
The human hits you with a long sword. The human hits you with a long sword!
You take 13 damage, and have 33/56 hp.
MASSIVE DAMAGE!!
An electric hum fills the air.
The human hits you but does no damage.
You now have 7/11 mp.
You slash the human! You claw the human, but do no damage. You slash the human!
The human barely misses you.
You closely miss the human. Your kick misses the human.
The human barely misses you.
You slash the human! You peck the human. The human hits you but does no damage.
You hit the human but do no damage. You claw the human, but do no damage.
The human hits you but does no damage.
You closely miss the human. You claw the human, but do no damage.
You peck the human, but do no damage. The human hits you with a long sword!
You take 11 damage, and have 23/56 hp.
You closely miss the human. The human barely misses you.
You closely miss the human. Your kick misses the human.
You peck the human, but do no damage. You completely miss the human.
You claw the human, but do no damage.
Xom chortles.
The human's long sword is briefly surrounded by a scintillating aura of random colours.
The human barely misses you.
You slash the human!
You kill the human!
Your life force feels restored.
You hit the human. You claw the human, but do no damage.
The human hits you with a long sword of chaos!
* * * LOW HITPOINT WARNING * * *
You partially resist.
You feel drained.
* * * LOW HITPOINT WARNING * * *
You take 16 damage, and have 8/56 hp.
MASSIVE DAMAGE!!
Drink which item? (? for menu, Esc to quit)
Okay, then.
Read which item? (? for menu, Esc to quit)
As you read the scroll of fear, it crumbles to dust.
You assume a fearsome visage.
The human looks frightened!
Your lightning spire is unaffected.
You are too injured to fight recklessly!
Attack whom?
Aim: a human, wielding a long sword of chaos and wearing a ring mail (lightly wounded, fleeing)
You reach to attack!
You strike the helpless human from behind!
You hit the human.
Your attack snaps the human out of its fear.
Read which item? (? for menu, Esc to quit)
Okay, then.
Drink which item? (? for menu, Esc to quit)
Okay, then.
There is a stone staircase leading up here.
You are feeling hungry.
Drink which item? (? for menu, Esc to quit)
Okay, then.
You hear the slow hiss of a very distant avalanche of sand.
The wolf howls!
The wolf bites you!
* * * LOW HITPOINT WARNING * * *
You take 7 damage, and have 4/56 hp.
There is a stone staircase leading up here.
The wolf bites you!
You die...
Xom chortles!

###.....###.
.......... # #......#
# #. #.....# .#
###.#####.....##.####
........#....#.......
........#......# ###
........#...#..# ..#
........@...#..###..#
........#h..#....)._#
........#p..#..###8.#
........#....#.# ..#
...........#.#.# ###
........#[##.#..
........#..#.##.#
.........#...# ..
......... .... .g.


You could see a human and a wolf.

Vanquished Creatures
  A wasp (D:7)
  A human (D:8)
  Eustachio (D:4)
  An ogre (D:7)
  3 slaves (D:7)
  An orc warrior (D:7)
  2 ice beasts
  The ghost of DizzySkin the Sneak, an average SpEn (D:3)
  A wyvern zombie (D:7)
  3 giant frogs (D:6)
  A gnoll sergeant (D:5)
  A scorpion (D:6)
  2 giant frog zombies
  3 orc priests
  A centaur skeleton (D:6)
  2 crimson imps
  An iguana (D:6)
  6 giant frog skeletons
  An orc wizard (D:4)
  Jessica (D:2)
  A hound (D:4)
  3 worker ants
  2 hound skeletons
  11 adders
  8 gnolls
  A shadow imp (D:5)
  2 oozes (D:6)
  An adder zombie (D:7)
  8 worms
  3 adder skeletons
  16 orcs
  4 giant cockroaches
  5 goblins
  10 hobgoblins
  10 kobolds
  A quokka (D:3)
  8 bats
  3 giant geckos
  8 giant newts
  6 jackals (D:5)
  A kobold skeleton (D:5)
  5 rats
151 creatures vanquished.

Vanquished Creatures (collateral kills)
  A hill giant (D:7)
  An ice beast (D:6)
  An orc priest (D:7)
  A worker ant zombie (D:7)
  A giant gecko (D:6)
  3 orcs (D:7)
8 creatures vanquished.

Grand Total: 159 creatures vanquished

Notes
Turn   | Place    | Note
--------------------------------------------------------------
     0 | D:1      | RobertPalmer the Tengu Chaos Knight began the quest for the Orb.
     0 | D:1      | Reached XP level 1. HP: 14/14 MP: 2/2
    70 | D:1      | XOM: silly message
    98 | D:1      | Reached XP level 2. HP: 13/19 MP: 3/3
   253 | D:1      | Reached skill level 4 in Polearms
   290 | D:1      | XOM: silly message
   395 | D:1      | XOM: harmless Conj miscast
   535 | D:2      | XOM: butterfly on damage
   547 | D:1      | Reached XP level 3. HP: 9/23 MP: 4/4
   628 | D:1      | XOM: cast spell 'Beastly Appendage'
  1028 | D:2      | XOM: divination: detect creatures
  1056 | D:2      | Reached skill level 5 in Polearms
  1113 | D:2      | Reached XP level 4. HP: 17/28 MP: 5/5
  1228 | D:2      | XOM: divination: magic mapping
  1476 | D:2      | Found a stormy altar of Qazlal.
  1653 | D:2      | Noticed Jessica
  1658 | D:2      | Killed Jessica
  1911 | D:2      | Reached skill level 6 in Polearms
  1911 | D:2      | Gained mutation: You can fly. [Tengu growth]
  1911 | D:2      | Reached XP level 5. HP: 28/32 MP: 6/6
  2153 | D:3      | XOM: divination: detect items
  2199 | D:3      | Found a sparkling altar of Nemelex Xobeh.
  2201 | D:3      | Noticed DizzySkin's ghost (average SpEn)
  2224 | D:3      | XOM: noise
  2228 | D:3      | Killed DizzySkin's ghost
  2499 | D:3      | Reached skill level 7 in Polearms
  2521 | D:3      | XOM: silly message
  2547 | D:3      | Reached XP level 6. HP: 11/37 MP: 7/7
  3095 | D:4      | XOM: noise
  3216 | D:4      | Found a snail-covered altar of Cheibriados.
  3238 | D:4      | Found Fugix's Weapon Boutique.
  3238 | D:4      | XOM: colour smoke trail
  3390 | D:4      | XOM: smoke on damage
  3405 | D:4      | Reached skill level 8 in Polearms
  3414 | D:4      | XOM: divination: magic mapping
  3418 | D:4      | Found a glowing silver altar of Zin.
  3671 | D:4      | Noticed Eustachio
  3675 | D:4      | XOM: potion effect (berserk rage)
  3692 | D:4      | Killed Eustachio
  3692 | D:4      | Reached XP level 7. HP: 36/41 MP: 8/8
  3939 | D:4      | Paralysed by a gnoll for 5 turns
  4035 | D:4      | Found a burning altar of Makhleb.
  4207 | D:4      | Reached skill level 9 in Polearms
  4266 | D:5      | Entered Level 5 of the Dungeon
  4321 | D:5      | Upgraded the game from 0.17-a0-1842-gacc33f2 to 0.17-a0-1850-g688e747
  4321 | D:5      | Upgraded the game from 0.17-a0-1850-g688e747 to 0.17-a0-1950-g23d6077
  4365 | D:5      | Found a bloodstained altar of Trog.
  4548 | D:5      | Found a staircase to the Ecumenical Temple.
  4691 | D:5      | XOM: potion effect (might)
  4748 | D:5      | Found a runed door.
  4748 | D:5      | Noticed a human
  4752 | D:5      | Found a basalt altar of Yredelemnul.
  4903 | D:5      | XOM: enchant monster (good)
  4929 | D:5      | Reached skill level 10 in Polearms
  5171 | D:6      | Reached XP level 8. HP: 46/46 MP: 9/9
  5192 | D:6      | XOM: harmless Chrm miscast
  5273 | D:6      | XOM: mild Summ miscast
  5416 | D:5      | HP: 1/46 [gnoll sergeant/trident (13)]
  5649 | D:4      | XOM: divination: detect creatures
  5723 | D:6      | XOM: cast spell 'Summon Swarm'
  5738 | D:6      | Reached skill level 11 in Polearms
  6051 | D:6      | Found a white marble altar of Elyvilon.
  6238 | D:6      | Found a deep blue altar of Sif Muna.
  6414 | D:6      | XOM: give mutation
  6414 | D:6      | Gained mutation: You are agile. (Dex +2) [Xom's mischief]
  6617 | D:7      | Noticed a hill giant
  6668 | D:7      | Killed a hill giant
  6668 | D:7      | Reached skill level 12 in Polearms
  6668 | D:7      | Reached XP level 9. HP: 50/50 MP: 10/10
  6894 | D:7      | XOM: 1-stop teleportation journey
  6895 | D:7      | Noticed Prince Ribbit
  6897 | D:7      | Noticed Pikel
  6977 | D:7      | XOM: harmless Pois miscast
  7125 | D:7      | XOM: smoke on damage
  7155 | D:7      | XOM: 1-stop teleportation journey
  7160 | D:7      | Reached skill level 13 in Polearms
  7226 | D:7      | HP: 10/50 [orc warrior/tomahawk (15)]
  7798 | D:7      | Found Obumerum's Assorted Antiques.
  7826 | D:7      | XOM: blink monster(s)
  7847 | D:7      | Learned a level 4 spell: Summon Lightning Spire
  7921 | D:7      | XOM: mild Pois miscast
  7991 | D:7      | XOM: summons 3 hostile shadow creatures
  8011 | D:7      | HP: 11/50 [centaur (6)]
  8305 | D:7      | XOM: potion effect (experience)
  8305 | D:7      | Reached skill level 9 in Summonings
  8305 | D:7      | Reached skill level 10 in Air Magic
  8305 | D:7      | Reached XP level 10. HP: 56/56 MP: 11/11
  8364 | D:7      | Learned a level 4 spell: Airstrike
  8503 | D:4      | Bought a +0 glaive for 84 gold pieces
  8699 | D:8      | Found Nacafu's Book Emporium.
  8713 | D:8      | Noticed Erolcha
  8716 | D:8      | Noticed Erolcha
  8716 | D:8      | Erolcha changed into Erolcha the two-headed ogre
  8716 | D:8      | XOM: polymorph Erolcha -> Erolcha the two-headed ogre
  8723 | D:8      | Noticed Grum
  8724 | D:8      | XOM: confuse monster(s)
  8812 | D:8      | Found an iron altar of Okawaru.
  8827 | D:8      | XOM: chaos upgrade
  8829 | D:8      | HP: 11/56 [human/long sword of chaos (13)]
  8846 | D:8      | HP: 4/56 [wolf[Grum] (7)]
  8848 | D:8      | Slain by a wolf

Vault maps used:
D:1:      scummos_arrival_simple_crosswalls
D:2:      nicolae_qazlal_eye_of_the_storm, minmay_bisected, uniq_jessica
D:3:      nemelex_deck, first_bread, minmay_misc_feat_rows
D:4:      overflow_temple_1_default, lemuel_coloured_pillars_altar,
          lemuel_crystal_altar, serial_shops, shop, tgw_xom, uniq_eustachio
D:5:      lemuel_crystal_altar, temple_pool_a, dk_yredelemnul_ordeal
D:6:      lemuel_crystal_altar, lemuel_blue_sif_altar, grunt_ministairs_6
D:7:      serial_shops, shop, uniq_pikel, uniq_prince_ribbit1
D:8:      minmay_klotski, vehumet_altar_wand_db, okawaru_humans, serial_shops,
          kennysheep_mini_moat, nicolae_shop_behind_doors,
          nicolae_shop_overgrown_old_shop, nicolae_ossuary_entry_giza,
          uniq_joseph, uniq_grum, uniq_erolcha

Action                   |  1- 3 |  4- 6 |  7- 9 | 10-12 || total
-------------------------+-------+-------+-------+-------++-------
Melee: Spear             |    87 |     6 |   213 |       ||   306
       Halberd           |       |   211 |    82 |    14 ||   307
       Glaive            |       |       |       |    18 ||    18
 Cast: Summon Lightning  |       |       |       |     4 ||     4
Evoke: Wand              |       |     1 |     4 |       ||     5
       Deck              |       |     2 |     4 |       ||     6
  Use: Scroll            |       |     3 |    13 |     2 ||    18
       Potion            |       |     6 |       |       ||     6
 Stab: Sleeping          |       |     3 |       |       ||     3
       Distracted        |       |     1 |       |       ||     1
       Paralysed         |       |       |     5 |       ||     5
       Petrified         |       |       |     2 |       ||     2
       Petrifying        |       |       |     1 |       ||     1
       Fleeing           |       |       |       |     1 ||     1
  Eat: Chunk             |     1 |     8 |    12 |     1 ||    22
       Beef jerky        |       |       |     1 |     1 ||     2
       Pizza             |       |       |     1 |       ||     1

Vault maps used:
D:1:      scummos_arrival_simple_crosswalls
D:2:      nicolae_qazlal_eye_of_the_storm, minmay_bisected, uniq_jessica
D:3:      nemelex_deck, first_bread, minmay_misc_feat_rows
D:4:      overflow_temple_1_default, lemuel_coloured_pillars_altar,
          lemuel_crystal_altar, serial_shops, shop, tgw_xom, uniq_eustachio
D:5:      lemuel_crystal_altar, temple_pool_a, dk_yredelemnul_ordeal
D:6:      lemuel_crystal_altar, lemuel_blue_sif_altar, grunt_ministairs_6
D:7:      serial_shops, shop, uniq_pikel, uniq_prince_ribbit1
D:8:      minmay_klotski, vehumet_altar_wand_db, okawaru_humans, serial_shops,
          kennysheep_mini_moat, nicolae_shop_behind_doors,
          nicolae_shop_overgrown_old_shop, nicolae_ossuary_entry_giza,
          uniq_joseph, uniq_grum, uniq_erolcha

Table legend:
 A = Turns spent in this place as a percentage of turns spent in the entire game.
 B = Non-inter-level travel turns spent in this place as a percentage of non-inter-level travel turns spent in the entire game.
 C = Inter-level travel turns spent in this place as a percentage of turns spent in this place.
 D = Turns resting spent in this place as a percentage of non-inter-level travel turns spent in this place.
 E = Turns spent auto-exploring this place as a percentage of non-inter-level travel turns spent in this place.
 F = Non-inter-level travel turns spent in this place divided by the number of levels of this place that you've seen.
                   A       B       C       D       E      F
               +-------+-------+-------+-------+-------+----------------------
         Total | 100.0 | 100.0 |   0.8 |   3.1 |   8.6 | 321.2
       Dungeon | 100.0 | 100.0 |   0.8 |   3.1 |   8.6 | 321.2
               +-------+-------+-------+-------+-------+----------------------

Table legend:
 A = Kills in this place as a percentage of kills in entire the game.
 B = Kills by you in this place as a percentage of kills by you in the entire game.
 C = Kills by friends in this place as a percentage of kills by friends in the entire game.
 D = Other kills in this place as a percentage of other kills in the entire game.
 E = Experience gained in this place as a percentage of experience gained in the entire game.
 F = Experience gained in this place divided by the number of levels of this place that you have seen.
                   A       B       C       D       E      F
               +-------+-------+-------+-------+-------+----------------------
         Total | 100.0 | 100.0 | 100.0 |  -nan | 100.0 | 448.8
       Dungeon | 100.0 | 100.0 | 100.0 |  -nan | 100.0 | 448.8
               +-------+-------+-------+-------+-------+----------------------
